 Dungeon Crawl Stone Soup version 0.25.0-11-g1f837a7 (webtiles) character file.

Game seed: 4406371255293701284

1924 XxsatanxX the Fighter (level 9, -3/126 HPs)
             Began as a Hill Orc Berserker on June 27, 2020.
             Was a High Priest of Trog.
             Slain by Grinder (7 damage)
             ... on level 5 of the Dungeon.
             The game lasted 00:10:01 (6339 turns).

XxsatanxX the Fighter (Hill Orc Berserker)          Turns: 6339, Time: 00:10:01

Health: -3/126     AC:  0    Str: 20    XL:     9   Next: 17%
Magic:  9/9        EV: 12    Int:  7    God:    Trog [*****.]
Gold:   325        SH:  0    Dex: 13    Spells: 8/8 levels left

rFire    . . .     SeeInvis .   u - +0 hand axe (drain)
rCold    . . .     Gourm    .   (no shield)
rNeg     . . .     Faith    .   o - +0 scale mail
rPois    .         Spirit   .   (no helmet)
rElec    .         Reflect  .   (no cloak)
rCorr    .         Harm     .   (no gloves)
MR       .....                  (no boots)
Stlth    ..........             (no amulet)
HPRegen  0.31/turn              (no ring)
MPRegen  0.11/turn              (no ring)

@: berserking (expiring), corroded, very quick
A: no striking features
a: Berserk, Trog's Hand, Brothers in Arms, Renounce Religion


You were on level 5 of the Dungeon.
You worshipped Trog.
Trog was extremely pleased with you.
You were hungry.

You visited 1 branch of the dungeon, and saw 5 of its levels.
You also visited: Sewer.

You collected 325 gold pieces.

Inventory:

Hand Weapons
 e - a +0 war axe
 u - a +0 hand axe of draining (weapon)
Armour
 o - a +0 scale mail (worn)
Jewellery
 m - an uncursed ring of ice
Wands
 q - a wand of iceblast (11)
Scrolls
 b - 3 scrolls of teleportation
 f - 5 scrolls of remove curse
 g - 3 scrolls of blinking
 j - 4 scrolls of magic mapping
 k - 4 scrolls of fog
 l - a scroll of enchant weapon {unknown}
 n - a scroll of immolation {unknown}
 p - 3 scrolls of fear {unknown}
Potions
 d - a potion of heal wounds {unknown}
 h - 3 potions of curing
 i - a potion of flight
 r - 4 potions of might {unknown}
 s - 2 potions of haste {unknown}
 t - 2 potions of degeneration {unknown}
Comestibles
 c - 8 rations


   Skills:
 * Level 9.5 Fighting
 + Level 7.9 Axes
 + Level 6.1 Armour
 + Level 4.5 Dodging


You had 8 spell levels left.
You didn't know any spells.
Your spell library was empty.

Dungeon Overview and Level Annotations

Branches:
Dungeon (5/15)             Temple (0/1) D:5           Sewer (visited)

Altars:
Elyvilon
Sif Muna
Uskayaw

Annotations:
D:5 Grinder


Message History

You slash Grinder!
Grinder is severely wounded.
Grinder hits you.
* * * LOW HITPOINT WARNING * * *
You writhe in agony.
* * * LOW HITPOINT WARNING * * *
You hit Grinder.
Grinder is almost dead.
Grinder closely misses you.
You hit Grinder.
Grinder is almost dead.
You barely miss Grinder.
Grinder is almost dead.
Grinder gestures at you. Pain shoots through your body!
* * * LOW HITPOINT WARNING * * *
You barely miss Grinder.
Grinder is almost dead.
Grinder hits you!
You die...

#.#.....#..............
#.#######.#########...#
#...........#######.#.#
.#########.#.#.........#
........(............#.#
........(..#.#.###.#....
.....>.....#.# .......#
........)..# # #.#.#...#
.......@..[# #.......#
.......5.......#..>##..#
...........#.#.#... ...#
.............# #.. ###.#
............## ..#
............# #
............#
...........%#


You could see Grinder.

Vanquished Creatures
  Sigmund (D:2)
  A hungry ghost (D:5)
  Duvessa (D:4)
  A sky beast (D:5)
  An ogre (D:5)
  A phantom (D:5)
  A centaur (D:5)
  Blork the orc (D:4)
  2 bullfrogs (Sewer)
  A scorpion (D:4)
  Dowan (D:4)
  A jelly (D:5)
  A howler monkey (D:5)
  2 crimson imps (D:5)
  2 hounds
  2 orc priests
  2 centaur zombies (D:5)
  Jessica (D:2)
  2 iguanas
  2 orc wizards (D:5)
  2 worker ants
  16 adders
  5 river rats
  2 shadow imps (D:5)
  2 oozes
  An adder zombie (D:5)
  2 worms
  A dart slug (D:2)
  2 leopard geckos
  13 orcs
  16 ball pythons
  9 giant cockroaches
  9 goblins
  8 hobgoblins
  3 jackals
  3 quokkas
  9 bats
  8 frilled lizards
  A jackal skeleton (D:5)
  5 kobolds
  A leopard gecko skeleton (D:4)
  38 rats
183 creatures vanquished.

Notes
Turn   | Place    | Note
-------+----------+-------------------------------------------
     0 | D:1      | XxsatanxX the Hill Orc Berserker began the quest for the
                  | Orb.
     0 | D:1      | Reached XP level 1. HP: 19/19 MP: 1/1
   123 | D:1      | Reached XP level 2. HP: 23/27 MP: 2/2
   127 | D:1      | Reached skill level 4 in Fighting
   896 | D:1      | Reached ** piety under Trog
   916 | D:1      | Reached XP level 3. HP: 27/33 MP: 3/3
  1439 | D:2      | Noticed Sigmund
  1462 | D:2      | Killed Sigmund
  1462 | D:2      | Reached skill level 5 in Fighting
  1462 | D:2      | Reached skill level 5 in Axes
  1462 | D:2      | Reached XP level 4. HP: 20/42 MP: 4/4
  1462 | D:2      | Reached XP level 5. HP: 23/48 MP: 5/5
  1692 | D:2      | Noticed Jessica
  1701 | D:2      | Killed Jessica
  1701 | D:2      | Reached XP level 6. HP: 51/57 MP: 6/6
  2360 | D:2      | Found a white marble altar of Elyvilon.
  2550 | D:3      | Reached skill level 6 in Fighting
  2745 | D:3      | Found a glowing drain.
  2749 | Sewer    | Entered a sewer
  2864 | Sewer    | Reached *** piety under Trog
  3213 | Sewer    | Reached XP level 7. HP: 64/64 MP: 7/7
  3215 | Sewer    | Reached **** piety under Trog
  3452 | D:3      | Found a faded altar of an unknown god.
  3620 | D:3      | Found a shimmering blue altar of Sif Muna.
  3642 | D:3      | Reached skill level 7 in Fighting
  3878 | D:4      | Noticed Dowan
  3880 | D:4      | Noticed Duvessa
  3896 | D:4      | Killed Dowan
  3913 | D:4      | Killed Duvessa
  4016 | D:4      | Reached XP level 8. HP: 72/73 MP: 8/8
  4085 | D:4      | Noticed Blork the orc
  4101 | D:4      | Killed Blork the orc
  4215 | D:4      | Reached skill level 5 in Armour
  4479 | D:4      | Found a hide-covered altar of Uskayaw.
  4480 | D:4      | Noticed a +0 hand axe
  4480 | D:4      | Noticed a +0 hand axe
  4840 | D:5      | Entered Level 5 of the Dungeon
  4872 | D:5      | Reached ***** piety under Trog
  4872 | D:5      | Reached skill level 8 in Fighting
  4954 | D:5      | Found a staircase to the Ecumenical Temple.
  5819 | D:5      | Paralysed by fainting for 10 turns
  5953 | D:5      | Reached skill level 9 in Fighting
  5970 | D:5      | Reached XP level 9. HP: 48/83 MP: 9/9
  6316 | D:5      | Noticed Grinder
  6335 | D:5      | HP: 4/126 [Grinder (5)]
  6339 | D:5      | Slain by Grinder

Illustrated notes

Levels and vault maps discovered:
D:1:      matt_arrival_spirals, layout_loops_cross,
          kennysheep_decorative_pillar, minivault_11, minmay_cut_off
D:2:      layout_loops_ring, lemuel_doored_altar, dk_noncrumbling_4,
          uniq_jessica, uniq_sigmund
D:3:      layout_basic, old_standard_altar, gup_sewer_entry_spiral,
          chequers_ecumenical_altar_simple
D:4:      layout_basic, dancing_weapons_uskayaw, minmay_curled_crystal,
          uniq_blork_the_orc, uniq_duvessa
D:5:      layout_basic, temple_hall, first_ration, uniq_grinder

Skill      XL: |  1  2  3  4  5  6  7  8  9 |
---------------+----------------------------+-----
Fighting       | 4 5 6 7 9 |  9.5
Axes           | 5 6 7 |  7.9
Armour         | 3 4 5 6 |  6.1
Dodging        | 2 3 4 |  4.5

Action                   |  1- 3 |  4- 6 |  7- 9 || total
-------------------------+-------+-------+-------++-------
Melee: Hand axe          |   112 |   192 |   364 ||   668
       Unarmed           |       |       |    18 ||    18
Invok: Berserk           |     2 |     2 |     3 ||     7
       Trog's Hand       |     1 |       |     2 ||     3
  Use: Scroll            |       |       |     7 ||     7
  Eat: Chunk             |     3 |     5 |    12 ||    20
       Ration            |       |     1 |     2 ||     3
Armor: Animal skin       |    25 |       |       ||    25
       Ring mail         |     4 |    15 |       ||    19
       Scale mail        |       |    54 |   137 ||   191
       Skin              |       |       |     3 ||     3
Dodge: Dodged            |    70 |   128 |   190 ||   388
